 Dungeon Crawl Stone Soup version 0.27.1-3-gb3d3a73c9e (webtiles) character file.

Game seed: 12395995783840990895

76 unlimited1921 the Chiller (level 4, -3/32 HPs)
             Began as a Gnoll Ice Elementalist on Oct 20, 2021.
             Killed by nerve-wracking pain
             ... invoked by Grinder
              (14 damage)
             ... on level 3 of the Dungeon.
             The game lasted 00:18:21 (4739 turns).

unlimited1921 the Chiller (Gnoll Ice Elementalist)  Turns: 4739, Time: 00:18:21

Health: -3/32      AC:  2    Str:  7    XL:     4   Next: 32%
Magic:  10/11      EV: 13    Int: 16    God:
Gold:   87         SH:  0    Dex: 12    Spells: 12/13 levels left

rFire    . . .     SeeInvis .   n - +2 long sword (holy)
rCold    . . .     Faith    .   (no shield)
rNeg     . . .     Spirit   .   a - +0 robe
rPois    .         Reflect  .   (no helmet)
rElec    .         Harm     .   (no cloak)
rCorr    .         Rampage  .   (no gloves)
Will     .....                  (no boots)
Stlth    ++........             (no amulet)
HPRegen  0.10/turn              (no ring)
MPRegen  0.12/turn              (no ring)

@: no status effects
A: fangs 1, strong nose, distributed training
a: no special abilities


You were on level 3 of the Dungeon.
You visited 1 branch of the dungeon, and saw 3 of its levels.

You collected 87 gold pieces.

Inventory:

Hand Weapons
 g - a +0 dagger
 k - a +0 quarterstaff
 n - a +2 long sword of holy wrath (weapon)
 o - a +0 morningstar
Missiles
 h - 21 arrows
Armour
 a - a +0 robe (worn)
 i - a +0 ring mail
Magical Staves
 c - a staff of death
Scrolls
 m - 2 scrolls of identify {unknown}
Potions
 b - a potion of cancellation {unknown}
 d - a potion of lignification {unknown}
 e - a potion of flight {unknown}
 f - a potion of curing {unknown}
 j - a potion of magic {unknown}
 l - a potion of mutation {unknown}


   Skills:
 + Level 1.1 Fighting
 + Level 1.1 Short Blades
 + Level 1.1 Long Blades
 + Level 1.1 Axes
 + Level 1.1 Maces & Flails
 + Level 1.1 Polearms
 + Level 1.1 Staves
 + Level 1.1 Slings
 + Level 1.1 Bows
 + Level 1.1 Crossbows
 + Level 1.1 Throwing
 + Level 1.1 Armour
 + Level 4.6 Dodging
 + Level 4.2 Stealth
 + Level 1.1 Shields
 + Level 1.1 Unarmed Combat
 + Level 5.0 Spellcasting
 + Level 0.8 Conjurations
 + Level 0.8 Hexes
 + Level 0.8 Summonings
 + Level 0.8 Necromancy
 + Level 0.8 Translocations
 + Level 0.8 Transmutations
 + Level 0.8 Fire Magic
 + Level 7.1 Ice Magic
 + Level 0.8 Air Magic
 + Level 0.8 Earth Magic
 + Level 0.8 Poison Magic
 + Level 1.2 Invocations
 + Level 1.1 Evocations


You had 12 spell levels left.
You knew the following spells:

 Your Spells              Type           Power      Damage    Failure   Level
a - Freeze                Ice            100%       1d11      1%          1

Your spell library contained the following spells:

 Spells                   Type           Power      Damage    Failure   Level
 Frozen Ramparts          Ice            52%        1d7       2%          3
 Ozocubu's Armour         Ice            26%        N/A       2%          3
 Ensorcelled Hibernation  Hex/Ice        32%        N/A       4%          2
 Hailstorm                Conj/Ice       16%        3d6       28%         4
 Spider Form              Tmut/Pois      3%         N/A       32%         3
 Shadow Creatures         Summ           N/A        N/A       100%        6


Dungeon Overview and Level Annotations

Branches:
Dungeon (3/15)

Altars:

Annotations:
D:3 Grinder


Innate Abilities, Weirdness & Mutations

You have very sharp teeth.
Your uncanny sense of smell can sniff out nearby items.
Your experience applies equally to all skills.


Message History

You see here a +0 ring mail.
You see here a +0 ring mail.
You see here a +0 ring mail.
You see here a +0 ring mail.
You see here a +0 flail.
Found 4 large rocks.
You see here 4 large rocks.
Grinder comes into view.
Grinder shouts!
Grinder says, "You look like you could use a good racking."
A bat comes into view.
Grinder barely misses you.
You riposte.
You hit Grinder.
Grinder convulses.
Grinder is moderately wounded.
You hit Grinder.
Grinder convulses.
Grinder is moderately wounded.
Grinder hits you!
You writhe in agony.
You slash Grinder!
Grinder convulses.
Grinder is heavily wounded.
Grinder barely misses you.
You hit Grinder.
Grinder convulses!
You bite Grinder, but do no damage.
Grinder is almost dead.
Grinder hits you.
You writhe in agony.
You are too injured to fight recklessly!
You are too injured to fight recklessly!
You are too injured to fight recklessly!
You are too injured to fight recklessly!
Casting: Freeze (safe; 1% risk of failure)
Confirm with . or Enter, or press ? or * to list all spells.
Aiming: Freeze (safe; 1% risk of failure)
Press: ? - help, Shift-Dir - straight line, f - Grinder
Aim: Grinder (almost dead)
You freeze Grinder.
Grinder resists.
Grinder is almost dead.
Grinder blinks!
Unknown command.
Unknown command.
The bat misses you. Grinder gestures at you. Pain shoots through your body!
You die...

##### ##...##
####(....# .........#
####.....##############
##........5..@b§...#
#################.#


You could see Grinder and a bat.

Vanquished Creatures
  A hound zombie (D:3)
  A worm (D:3)
  A dart slug (D:1)
  An orc (D:2)
  8 ball pythons (D:1)
  5 endoplasms
  4 giant cockroaches
  4 goblins
  6 hobgoblins
  2 quokkas
  5 bats
  A frilled lizard (D:1)
  5 kobolds
  8 rats
  2 bushes (D:2)
54 creatures vanquished.

Vanquished Creatures (others)
  2 plants (D:2)
2 creatures vanquished.

Grand Total: 56 creatures vanquished

Notes
Turn   | Place    | Note
-------+----------+-------------------------------------------
     0 | D:1      | unlimited1921 the Gnoll Ice Elementalist began the quest
                  | for the Orb.
     0 | D:1      | Reached XP level 1. HP: 13/13 MP: 6/6
  1104 | D:1      | Reached XP level 2. HP: 12/19 MP: 4/7
  2160 | D:1      | Reached XP level 3. HP: 25/25 MP: 6/9
  2169 | D:1      | Reached skill level 5 in Spellcasting
  2636 | D:1      | Reached skill level 1 in Invocations
  2687 | D:2      | Found a faded altar of an unknown god.
  3517 | D:2      | Reached skill level 1 in Fighting
  3517 | D:2      | Reached skill level 1 in Short Blades
  3517 | D:2      | Reached skill level 1 in Long Blades
  3517 | D:2      | Reached skill level 1 in Axes
  3517 | D:2      | Reached skill level 1 in Maces & Flails
  3517 | D:2      | Reached skill level 1 in Polearms
  3517 | D:2      | Reached skill level 1 in Staves
  3517 | D:2      | Reached skill level 1 in Slings
  3517 | D:2      | Reached skill level 1 in Bows
  3517 | D:2      | Reached skill level 1 in Crossbows
  3517 | D:2      | Reached skill level 1 in Throwing
  3517 | D:2      | Reached skill level 1 in Armour
  3517 | D:2      | Reached skill level 1 in Shields
  3517 | D:2      | Reached skill level 1 in Unarmed Combat
  3517 | D:2      | Reached skill level 1 in Evocations
  4330 | D:3      | Reached XP level 4. HP: 29/32 MP: 11/11
  4731 | D:3      | Noticed Grinder
  4739 | D:3      | Killed from afar by Grinder

Illustrated notes

Levels and vault maps discovered:
D:1:      nzn_arrival_depleted_hourglass, layout_loops_corners, chequers_garden,
          hangedman_decor_clover_reticule
D:2:      layout_loops_ring, hellmonk_ecumenical_altar_arch_garden,
          minmay_hedge_maze, serial_bayou_pond_e, kennysheep_generic_room_11
D:3:      layout_loops_ring, mainiacjoe_overflow_divided_tiny, minmay_ruptured,
          uniq_ijyb, uniq_grinder

Skill      XL: |  1  2  3 |
---------------+----------+-----
Spellcasting   | 5 |  5.0
Invocations    | 1 |  1.2
Fighting       | 1 |  1.1
Short Blades   | 1 |  1.1
Long Blades    | 1 |  1.1
Axes           | 1 |  1.1
Maces & Flails | 1 |  1.1
Polearms       | 1 |  1.1
Staves         | 1 |  1.1
Slings         | 1 |  1.1
Bows           | 1 |  1.1
Crossbows      | 1 |  1.1
Throwing       | 1 |  1.1
Armour         | 1 |  1.1
Shields        | 1 |  1.1
Unarmed Combat | 1 |  1.1
Evocations     | 1 |  1.1
Dodging        | |  4.6
Stealth        | |  4.2
Conjurations   | |  0.8
Hexes          | |  0.8
Summonings     | |  0.8
Necromancy     | |  0.8
Translocations | |  0.8
Transmutations | |  0.8
Fire Magic     | |  0.8
Ice Magic      | |  7.1
Air Magic      | |  0.8
Earth Magic    | |  0.8
Poison Magic   | |  0.8

Action                   |  1- 3 |  4- 6 || total
-------------------------+-------+-------++-------
Melee: Staff             |    21 |       ||    21
       Quarterstaff      |   150 |       ||   150
       Long sword        |    92 |    11 ||   103
       Bite              |    45 |     1 ||    46
 Cast: Freeze            |    53 |     1 ||    54
 Stab: Sleeping          |     4 |       ||     4
Armor: Robe              |    12 |       ||    12
Dodge: Dodged            |    40 |     7 ||    47
       Rpst.: Long sword |     1 |     2 ||     3
